 Dungeon Crawl Stone Soup version 0.25-a0-860-gf695395b5c (webtiles) character file.

Game seed: 16609518405487673479, levelgen mode: deterministic

79 MisterFreud the Skirmisher (level 4, -5/39 HPs)
             Began as a Formicid Abyssal Knight on Apr 27, 2020.
             Was a Believer of Lugonu.
             Slain by a gnoll shaman
             ... wielding a +0 club
              (7 damage)
             ... on level 4 of the Dungeon.
             The game lasted 00:09:56 (2761 turns).

MisterFreud the Skirmisher (FoAK)                   Turns: 2761, Time: 00:09:58

Health: -5/39      AC: 10    Str: 18    XL:     4   Next: 62%
Magic:  5/5        EV:  5    Int: 11    God:    Lugonu [**....]
Gold:   93         SH:  0    Dex: 10    Spells: 3/3 levels left

rFire    x . .     SeeInvis +   a - +1 falchion
rCold    + . .     Gourm    .   (no shield)
rNeg     . . .     Faith    .   l - +0 plate armour (curse)
rPois    .         Spirit   .   (helmet unavailable)
rElec    .         Reflect  .   (no cloak)
rCorr    .         Harm     .   (no gloves)
MR       .....                  (no boots)
Stlth    ..........             p - amulet of inaccuracy (curse)
HPRegen  0.13/turn              f - ring of wizardry
MPRegen  0.09/turn              k - ring of ice

@: lethally poisoned (-5 -> -7), flying
A: permanent stasis, dig shafts and tunnels, four strong arms, antennae 3
a: Dig, Shaft Self, Depart the Abyss, Bend Space, Renounce Religion


You were on level 4 of the Dungeon.
You worshipped Lugonu.
Lugonu was pleased with you.
You were very hungry.

You visited 1 branch of the dungeon, and saw 4 of its levels.
You visited the Abyss 1 time.

You collected 93 gold pieces.

Inventory:

Hand Weapons
 a - a +1 falchion (weapon)
Missiles
 i - 12 sling bullets
 j - 19 bolts
Armour
 l - a cursed +0 plate armour (worn)
Jewellery
 f - a ring of wizardry (left hand)
 k - a ring of ice (right hand)
 p - a cursed amulet of inaccuracy (around neck)
Potions
 h - a potion of heal wounds {unknown}
 m - a potion of brilliance {unknown}
Comestibles
 c - 4 rations
 d - 3 chunks of flesh


   Skills:
 * Level 5.5 Fighting
 - Level 2.0 Long Blades
 - Level 2.1 Armour
 - Level 0.8 Dodging
 - Level 2.1 Invocations


You had 3 spell levels left.
You didn't know any spells.
Your spell library was empty.

Dungeon Overview and Level Annotations

Branches:
Dungeon (4/15)
 Temple: D:4-7

Altars:

Annotations:
D:2 Natasha


Innate Abilities, Weirdness & Mutations

You cannot be hasted, slowed, berserked, paralysed or teleported.
You can dig through walls and to a lower floor.
Your four strong arms can wield two-handed weapons with a shield.
You have a pair of large antennae on your head. (SInv)


Message History

The shaft crumbles and collapses.
A gnoll and a gnoll shaman come into view.
The gnoll shaman shouts!
The gnoll shouts!
A gnoll comes into view. It is wielding a +0 halberd.
It was a potion of flight.
You feel very buoyant.
You fly up into the air.
* * * LOW HITPOINT WARNING * * *
You feel sick.
The gnoll shouts!
It was a potion of berserk rage.
Your stasis prevents you from going berserk.
Are you sure you want to shaft yourself?
You are feeling very hungry.
The gnoll barely misses you.
You begin to dig a shaft.
You continue digging a shaft.
* * * LOW HITPOINT WARNING * * *
You feel sick. The gnoll hits you but does no damage.
The gnoll shaman hits you with a +0 club!
You die...

######.#.
#.#
#...#.#
##...#.#
...รท...#
##...###
#...#
#...#
#...#
######...
... #####
#@g......
....
#g.......
....
#........
.$..
#...g....
...
#........
.
#........
#..
#........
#..
#........
#... ...


You could see a gnoll shaman and 2 gnolls.

Vanquished Creatures
  A howler monkey skeleton (D:4)
  An adder (D:3)
  3 worms (D:2)
  A dart slug (D:2)
  2 leopard geckos
  9 bats
  2 giant cockroaches
  8 goblins
  6 hobgoblins
  4 kobolds
  A quokka (D:2)
  2 frilled lizards
  9 rats
49 creatures vanquished.

Notes
Turn   | Place    | Note
-------+----------+-------------------------------------------
     0 | Abyss:1  | MisterFreud the Formicid Abyssal Knight began the quest for
                  | the Orb.
     0 | Abyss:1  | Reached XP level 1. HP: 18/18 MP: 2/2
    30 | Abyss:1  | Noticed a large abomination
    30 | Abyss:1  | Noticed a neqoxec
    32 | D:1      | Escaped the Abyss
   115 | D:1      | Reached XP level 2. HP: 21/25 MP: 3/3
   125 | D:1      | Reached * piety under Lugonu
   197 | D:1      | Reached skill level 4 in Fighting
   637 | D:1      | Reached XP level 3. HP: 27/31 MP: 4/4
  1346 | D:2      | Reached skill level 5 in Fighting
  1614 | D:2      | Found a faded altar of an unknown god.
  1619 | D:2      | Noticed Natasha
  1644 | D:2      | You fall into a shaft and drop 2 floors!
  1828 | D:4      | Reached XP level 4. HP: 28/39 MP: 5/5
  1934 | D:4      | Noticed a phantom
  2049 | D:2      | You fall into a shaft and drop 2 floors!
  2710 | D:2      | Reached ** piety under Lugonu
  2757 | D:2      | You fall into a shaft and drop 2 floors!
  2761 | D:4      | Slain by a gnoll shaman

Levels and vault maps discovered:
D:1:      dpeg_arrival_ratfight, layout_loops_ring, solitary_fountain,
          palyth_stone_intersect, hangedman_abyss_or_decor_lesser_grid,
          minmay_misc_feat_diagonals
D:2:      layout_basic, chequers_ecumenical_altar_simple, uniq_terence,
          uniq_natasha
D:3:      layout_loops_cross
D:4:      layout_basic, lemuel_temple_firewalk_a, serial_shops, shop

Skill      XL: |  1  2  3 |
---------------+----------+-----
Fighting       | 4 5 |  5.5
Long Blades    | |  2.0
Armour         | |  2.1
Dodging        | |  0.8
Invocations    | |  2.1

Action                   |  1- 3 |  4- 6 || total
-------------------------+-------+-------++-------
Melee: Falchion          |   145 |   113 ||   258
Invok: Depart the Abyss  |     1 |       ||     1
 Abil: Shaft Self        |     1 |     3 ||     4
  Use: Scroll            |     3 |     2 ||     5
       Potion            |       |     2 ||     2
  Eat: Chunk             |     2 |     5 ||     7
Armor: Leather armour    |    14 |       ||    14
       Plate armour      |    72 |    97 ||   169
Dodge: Dodged            |    85 |    45 ||   130
       Rpst.: Falchion   |    30 |    17 ||    47

Table legend:
 A = Non-vault XP
 B = Vault XP
 C = Vault XP percentage of total XP
 D = Non-vault monster count
 E = Vault monster count
 F = Vault count percentage of total count
                 A         B        C        D         E       F
            +---------+---------+-------+---------+---------+-------
      Total |     108 |       5 |   4.4 |      44 |       5 |  10.2
            +---------+---------+-------+---------+---------+-------
        D:1 |      32 |       5 |  13.5 |      19 |       5 |  20.8
        D:2 |      35 |       0 |   0.0 |      15 |       0 |   0.0
        D:3 |      24 |       0 |   0.0 |       8 |       0 |   0.0
        D:4 |      17 |       0 |   0.0 |       2 |       0 |   0.0
            +---------+---------+-------+---------+---------+-------
